 Dungeon Crawl Stone Soup version 0.30.0-20-g3615ddf2f0 (webtiles) character file.

Game seed: 9112753477823695540

30 qw the Shield-Bearer (level 3, -1/23 HPs)
             Began as a Gargoyle Fighter on May 29, 2023.
             Killed from afar by Sigmund (6 damage)
             ... with a magic dart
             ... on level 2 of the Dungeon.
             The game lasted 00:00:37 (911 turns).

qw the Shield-Bearer (Gargoyle Fighter)              Turns: 911, Time: 00:00:38

Health: -1/23      AC: 15    Str: 21    XL:     3   Next: 20%
Magic:  3/3        EV:  5    Int:  8    God:
Gold:   12         SH:  4    Dex:  9    Spells: 2/2 levels left

rFire   . . .        Y - +0 war axe
rCold   . . .        c - +0 buckler
rNeg    + . .        r - +0 plate armour
rPois   inf          (no helmet)
rElec   +            f - +0 cloak
rCorr   .            (no gloves)
SInv    .            (no boots)
Will    .....        (no amulet) Stlth
                     (no ring)
HPRegen 0.23/turn    (no ring)
MPRegen 0.08/turn

%: no passive effects
@: no status effects
A: sickness immunity, AC +3, negative energy resistance 1, electricity
resistance, torment resistance 1, petrification resistance, sense surroundings 1
a: no special abilities


You were on level 2 of the Dungeon.
You visited 1 branch of the dungeon, and saw 2 of its levels.

You collected 23 gold pieces.
You spent 11 gold pieces at shops.


Innate Abilities, Weirdness & Mutations

You are immune to sickness and miasma.
Your stone body is resilient. (AC +3)
You are immune to poison.
You resist negative energy. (rN+)
You are resistant to electric shocks. (rElec)
You are resistant to unholy torment.
You are immune to petrification.
You passively map a small area around you.


   Skills:
 - Level 3.2 Fighting
 + Level 3.2 Axes
 - Level 3.2 Armour
 - Level 3.2 Shields


You had 2 spell levels left.
You didn't know any spells.
Your spell library was empty.

Inventory:

Hand Weapons
 o - a +0 club
 Y - a +0 war axe (weapon)
Armour
 c - a +0 buckler (worn)
 f - a +0 cloak (worn)
 r - a +0 plate armour (worn)
Scrolls
 a - 2 scrolls of identify {unknown}
 b - a scroll of torment {unknown}
Potions
 d - 2 potions of might
 e - a potion of curing {unknown}
 j - a potion of heal wounds {unknown}
 p - a potion of lignification {unknown}
 q - a potion of invisibility {unknown}

Dungeon Overview and Level Annotations

Branches:
Dungeon (2/15)

Altars:

Shops:
D:1 (!**

Annotations:
D:2 Sigmund


Message History

You swing at nothing.
Something hits you.
You swing at nothing.
Something hits you.
You swing at nothing.
Something hits you but does no damage.
You swing at nothing.
Something hits you but does no damage.
You swing at nothing.
Something hits you but does no damage.
You swing at nothing.
Something hits you but does no damage.
You swing at nothing.
Something hits you.
You swing at nothing.
You swing at nothing.
A magic dart appears from out of thin air!
The magic dart hits you.
You hear some strange, mumbled words.
A puff of flame appears from out of thin air!
The puff of flame hits you but does no damage.
You swing at nothing.
Something hits you.
You swing at nothing.
Something hits you.
You swing at nothing.
Something completely misses you.
You swing at nothing.
Something hits you!
You swing at nothing.
Something hits you but does no damage.
You swing at nothing.
Something hits you.
You swing at nothing.
You swing at nothing.
Something hits you but does no damage.
You swing at nothing.
A magic dart appears from out of thin air!
The magic dart hits you.
You die...

, , , * , .## , ...
,* ,# * .##.. .#
.....####. *
.##......
.....{)%###########
* #@##........# *
#.##.######.#
,.######.##.####
#.#* *
.........)....# #(#
, .######.##.##.#
#.# * *
#.##.##.###.#, ,
*#.##........#, * ,
..#####.##### *
###.......# *,


There were no monsters in sight!

Vanquished Creatures
  A dart slug (D:2)
  3 endoplasms (D:1)
  2 goblins
  4 hobgoblins
  6 kobolds
  4 ball pythons (D:1)
  2 bats (D:1)
  2 frilled lizards (D:1)
  4 rats
28 creatures vanquished.

Notes
Turn   | Place    | Note
-------+----------+-------------------------------------------
     0 | D:1      | qw the Gargoyle Fighter began the quest for the Orb.
     0 | D:1      | Reached XP level 1. HP: 14/14 MP: 1/1
     0 | D:1      | 0 ||| qw: Version: 0.2-a-101-gf424e7f
     0 | D:1      | 0 ||| qw: Game counter: 297
     0 | D:1      | 0 ||| qw: Always use a shield: true
     0 | D:1      | 0 ||| qw: God list: Okawaru
     0 | D:1      | 0 ||| qw: Allow faded altars: false
     0 | D:1      | 0 ||| qw: Do Orc after D:15 true
     0 | D:1      | 0 ||| qw: Do second Lair branch before Depths: true
     0 | D:1      | 0 ||| qw: Lair rune preference: random
     0 | D:1      | 0 ||| qw: Plans: Normal, Zot:1-4, Slime:5, God:TSO, Crypt,
                  | Tomb, Pan, Hells, Abyss, Win
     0 | D:1      | 0 ||| PLANNING D:1-11
    39 | D:1      | Reached XP level 2. HP: 15/19 MP: 2/2
    91 | D:1      | 91 ||| Stepping ~*~*~tactically~*~*~ (stealth).
    95 | D:1      | 95 ||| Stepping ~*~*~tactically~*~*~ (hiding).
   102 | D:1      | 102 ||| Stepping ~*~*~tactically~*~*~ (stealth).
   176 | D:1      | 176 ||| FLEEEEING.
   177 | D:1      | 177 ||| FLEEEEING.
   271 | D:1      | Found Ygidin's General Store.
   287 | D:1      | Reached skill level 3 in Axes
   288 | D:1      | 288 ||| SHOPLISTING +0 whip (27 gold, have 10).
   288 | D:1      | 288 ||| SHOPLISTING scroll of enchant weapon (82 gold, have
                  | 10).
   288 | D:1      | 288 ||| SHOPLISTING scroll of identify (22 gold, have 10).
   288 | D:1      | 288 ||| SHOPLISTING scroll of teleportation (33 gold, have
                  | 10).
   311 | D:1      | Found Nyogarar's Distillery.
   327 | D:1      | 327 ||| SHOPLISTING 2 potions of lignification (66 gold,
                  | have 13).
   327 | D:1      | 327 ||| SHOPLISTING potion of cancellation (88 gold, have
                  | 13).
   327 | D:1      | 327 ||| SHOPLISTING potion of haste (110 gold, have 13).
   327 | D:1      | 327 ||| SHOPLISTING potion of lignification (33 gold, have
                  | 13).
   327 | D:1      | 327 ||| SHOPLISTING potion of might (44 gold, have 13).
   327 | D:1      | 327 ||| SHOPLISTING potion of mutation (88 gold, have 13).
   372 | D:1      | Found Xiat's Weapon Boutique.
   375 | D:1      | 375 ||| BUYING +0 club (11 gold).
   375 | D:1      | Bought a +0 club for 11 gold pieces
   375 | D:1      | 375 ||| SHOPLISTING +0 flail (38 gold, have 2).
   375 | D:1      | 375 ||| SHOPLISTING +0 whip (27 gold, have 2).
   428 | D:1      | Found Qataehior's General Store.
   438 | D:1      | 438 ||| SHOPLISTING +0 whip (30 gold, have 12).
   438 | D:1      | 438 ||| SHOPLISTING scroll of teleportation (36 gold, have
                  | 12).
   507 | D:1      | 507 ||| UPGRADING to +0 cloak.
   512 | D:1      | 512 ||| UPGRADING to +0 plate armour.
   522 | D:1      | 522 ||| DROPPING +0 scale mail.
   523 | D:1      | 523 ||| READING scroll labelled HUZAUR AXKAY.
   526 | D:1      | 526 ||| READING scroll labelled XIONASTR HONGE.
   527 | D:1      | 527 ||| READING scroll labelled VUG DUNIYH.
   528 | D:1      | 528 ||| READING scroll labelled VATUUK TUUD.
   529 | D:1      | 529 ||| READING scroll labelled SUHATA PEFFUCH.
   530 | D:1      | 530 ||| READING scroll labelled SEFYIC MAS COKH.
   531 | D:1      | 531 ||| DRINKING 2 dark potions.
   531 | D:1      | Gained mutation: You occasionally lose the ability to drink
                  | potions when taking damage. [potion of mutation]
   532 | D:1      | 532 ||| DRINKING potion of mutation.
   532 | D:1      | Lost mutation: You occasionally lose the ability to drink
                  | potions when taking damage. [potion of mutation]
   532 | D:1      | Gained mutation: You passively map a small area around you.
                  | [potion of mutation]
   570 | D:2      | Reached XP level 3. HP: 23/23 MP: 3/3
   634 | D:2      | 634 ||| Stepping ~*~*~tactically~*~*~ (hiding).
   874 | D:2      | Noticed Sigmund
   908 | D:2      | HP: 4/23 [something (3)]
   911 | D:2      | Killed from afar by Sigmund

Levels and vault maps discovered:
D:1:      sevenhm_arrival_forest_fort_small_6, layout_rooms, serial_shops, shop,
          nicolae_shop_tiny_real_fake_doors, nicolae_shop_just_a_little_nook,
          shop
D:2:      layout_loops_corners, minmay_misc_feat_enclosed, uniq_natasha,
          uniq_sigmund

Skill      XL: |  1  2 |
---------------+-------+-----
Axes           | 2 3 |  3.2
Fighting       | |  3.2
Armour         | |  3.2
Shields        | |  3.2

Action                     || total
---------------------------++-------
  Melee: War axe           ||    71
    Use: Scroll            ||     6
         Potion            ||     2
 Armour: Scale mail        ||    21
         Plate armour      ||    35
  Dodge: Dodged            ||    24
  Block: Buckler           ||    14

Table legend:
 A = Non-vault XP
 B = Vault XP
 C = Vault XP percentage of total XP
 D = Non-vault monster count
 E = Vault monster count
 F = Vault count percentage of total count
                 A         B        C        D         E       F
            +---------+---------+-------+---------+---------+-------
      Total |      44 |       0 |   0.0 |      28 |       0 |   0.0
            +---------+---------+-------+---------+---------+-------
        D:1 |      33 |       0 |   0.0 |      22 |       0 |   0.0
        D:2 |      11 |       0 |   0.0 |       6 |       0 |   0.0
            +---------+---------+-------+---------+---------+-------
